 Dungeon Crawl Stone Soup version 0.21.1-1-g345015f (webtiles) character file.

55646 LLlMATKO the Severer (level 14, -3/132 (133) HPs)
             Began as a Minotaur Berserker on Apr 15, 2018.
             Was the Champion of Trog.
             Slain by a sixfirhy (10 damage)
             ... summoned by an orc high priest
             ... on level 2 of the Orcish Mines.
             The game lasted 00:59:39 (21762 turns).

LLlMATKO the Severer (Minotaur Berserker)          Turns: 21762, Time: 00:59:40

HP:   -3/132 (133)  AC: 34    Str: 29    XL:     14   Next: 39%
MP:   13/13         EV:  7    Int:  4    God:    Trog [******]
Gold: 1679          SH: 20    Dex: 15    Spells: 13/13 levels left

rFire    . . .     SeeInvis .   B - +0 war axe
rCold    . . .     Gourm    .   H - +0 large shield
rNeg     . . .     Faith    .   X - +6 plate armour of Japson {rCorr}
rPois    .         Spirit   .   L - +1 hat {MR+}
rElec    .         Reflect  .   x - +0 cloak
rCorr    +         Harm     .   U - +2 pair of gloves
MR       ++...                  R - +0 pair of boots
Stlth    ..........             (no amulet)
HPRegen  0.32/turn              d - +5 ring of strength
MPRegen  0.13/turn              a - ring of Zeapykhle {AC+4 Str+2}

@: berserk cooldown, very slightly contaminated, slowed, very slow
A: retaliatory headbutt, horns 2
a: Berserk, Trog's Hand, Brothers in Arms, Burn Spellbooks, Renounce Religion


You were on level 2 of the Orcish Mines.
You worshipped Trog.
Trog was exalted by your worship.
You were hungry.

You visited 4 branches of the dungeon, and saw 20 of its levels.
You also visited: Sewer and Ice Cave.

You collected 1679 gold pieces.

Inventory:

Hand Weapons
 B - a +0 war axe (weapon)
Armour
 x - a +0 cloak (worn)
 A - a +2 plate armour of fire resistance
 H - a +0 large shield (worn)
 L - a +1 hat of magic resistance (worn)
 R - a +0 pair of boots (worn)
 U - a +2 pair of gloves (worn)
 X - the +6 plate armour of Japson (worn) {rCorr}
   (You found it in an ice cave)

   It protects you from acid and corrosion.
Jewellery
 a - the ring of Zeapykhle (right hand) {AC+4 Str+2}
   (You acquired it on level 12 of the Dungeon)

   [ring of protection]

   It affects your AC (+4).
   It affects your strength (+2).
 d - a +5 ring of strength (left hand)
 p - an uncursed ring of flight
 D - an uncursed ring of protection from cold
 J - an uncursed ring of protection from fire
 W - an uncursed ring of protection from cold
Wands
 f - a wand of polymorph (11)
 q - a wand of paralysis (30)
 s - a wand of disintegration (12)
 z - a wand of acid (15)
 G - a wand of digging (13)
 K - a wand of iceblast (11)
 N - a wand of flame (55)
Scrolls
 b - 3 scrolls of fear
 e - 5 scrolls of remove curse
 j - 6 scrolls of enchant armour
 o - 6 scrolls of enchant weapon
 w - 5 scrolls of teleportation
 V - a scroll of identify
Potions
 g - 2 potions of heal wounds
 h - a potion of resistance {unknown}
 i - 4 potions of curing
 l - 5 potions of might
 m - a potion of magic {unknown}
 r - a potion of cancellation {unknown}
 u - 2 potions of berserk rage {unknown}
 v - 5 potions of agility
 M - a potion of haste {unknown}
 P - 2 potions of flight {unknown}
 S - a potion of brilliance {unknown}
Comestibles
 c - 26 rations
 k - 12 chunks of flesh


   Skills:
 + Level 14.5 Fighting
 + Level 17.5 Axes
 + Level 14.3 Armour
 - Level 2.1 Dodging
 + Level 12.7 Shields


You had 13 spell levels left.
You didn't know any spells.

Dungeon Overview and Level Annotations

Branches:
Dungeon (13/15)            Temple (1/1) D:4            Lair (4/6) D:10
  Swamp (0/4) Lair:2        Snake (0/4) Lair:3          Orc (2/2) D:12
    Elf (0/3) Orc:2
 Vaults: D:13-14

Altars:
Ashenzari
Cheibriados
Dithmenos
Fedhas
Gozag
Hepliaklqana
Nemelex Xobeh
Okawaru
Qazlal
Ru
Sif Muna
Uskayaw
Xom
Yredelemnul
Zin
The Shining One
Beogh

Shops:
Orc:2 !}

Annotations:
Orc:2 Saint Roka


Innate Abilities, Weirdness & Mutations

You reflexively headbutt those who attack you in melee.
You have a pair of horns on your head.


Message History

As you read the scroll of fear, it crumbles to dust.
You assume a fearsome visage.
The sun demon is unaffected.
The sixfirhy is unaffected.
Saint Roka resists with almost no effort.
The orc warrior looks frightened!
The sixfirhy hits you but does no damage.
Saint Roka mumbles some strange prayers to Beogh against you.
Beogh smites you!
* * * LOW HITPOINT WARNING * * *
You block the sun demon's attack.
Saint Roka roars a battlecry!
The orc warrior goes into a battle-frenzy!
You hear a shout!
The sun demon completely misses you. You furiously retaliate!
You headbutt the sun demon. You block the sixfirhy's attack.
You block the sixfirhy's attack. x3; The sixfirhy barely misses you.
The sixfirhy hits you.
* * * LOW HITPOINT WARNING * * *
The sixfirhy shocks you!
You die...

...............###'#.......#
.....................#.#..##
.....................#....##
.........................#.##
.......(....................#
....8.8....................##
......)(.o............#....##
..##'')##......3............##
# #...).###....3@...#........#
# #8...8#
##.......#........#####
##..)## #......#........## #..
#.3)# #.......#.#.....# #..


+)))+ #........###....#####. #.))# #........#.##...#...#. #ยง8o#
#.....#.....##........ #o3.# #....###...###........ 'o..o #.....##...###........
You could see Saint Roka, a sun demon and a sixfirhy.

Vanquished Creatures
  Gastronok (Lair:1)
  An orc warlord (Orc:1)
  A frost giant (IceCv)
  Josephine (Orc:2)
  5 hydras
  6 two-headed ogres
  2 death yaks (IceCv)
  2 orc high priests
  An unseen horror (D:11)
  An orc knight (D:12)
  An orc sorcerer (Orc:1)
  An ugly thing (D:11)
  A manticore (D:11)
  4 black mambas
  An ice statue (IceCv)
  6 spiny frogs
  A gargoyle (D:10)
  A centaur skeleton (D:10)
  2 rime drakes
  3 komodo dragons
  2 trolls (D:9)
  A tengu conjurer (D:11)
  17 polar bears
  A hornet (D:11)
  A tyrant leech (Lair:2)
  7 blink frogs (Lair:4)
  Grinder (D:5)
  6 hippogriffs
  4 dream sheep (Lair:3)
  4 wraiths (Orc:2)
  52 yaks
  A basilisk (Lair:3)
  5 wyverns
  A human (D:7)
  2 steam dragons
  A hungry ghost (D:10)
  The ghost of NorthaanB the Caller, an amateur BaSu (D:6)
  3 hogs (D:7)
  A warg (Orc:1)
  3 nagas (Lair:3)
  A swamp worm (Lair:2)
  6 water moccasins
  4 porcupines
  Purgy (Sewer)
  3 black bears
  33 orc warriors
  2 sky beasts
  3 ice beasts
  A necrophage (D:10)
  10 ogres
  52 wolves
  6 centaurs
  4 crocodiles
  2 big kobolds (D:8)
  14 bullfrogs
  A wyvern zombie (D:8)
  A wyvern skeleton (D:9)
  6 scorpions
  A wight (D:9)
  9 killer bees (D:9)
  3 howler monkeys
  An electric eel (Lair:2)
  4 crimson imps
  2 centaur zombies
  5 hounds
  25 orc priests
  2 bullfrog zombies
  2 jellies
  A gnoll shaman (Orc:2)
  3 bullfrog skeletons
  27 orc wizards
  13 worker ants
  12 adders
  3 gnolls (Orc:2)
  A shadow imp (D:8)
  An ooze (D:1)
  2 adder zombies
  An adder skeleton (D:7)
  A worm (D:3)
  A dart slug (D:4)
  8 leopard geckos
  101 orcs
  6 giant cockroaches
  5 goblins
  6 hobgoblins
  4 quokkas
  2 ball pythons
  9 bats
  4 frilled lizards
  17 kobolds
  A leopard gecko zombie (D:6)
  3 rats
  4 fungi (Lair:3)
596 creatures vanquished.

Vanquished Creatures (others)
  A water moccasin (D:9)
  A wolf (IceCv)
  2 orcs
  2 fungi
6 creatures vanquished.

Grand Total: 602 creatures vanquished

Notes
Turn   | Place    | Note
-------+----------+-------------------------------------------
     0 | D:1      | LLlMATKO the Minotaur Berserker began the quest for the Orb.
     0 | D:1      | Reached XP level 1. HP: 19/19 MP: 0/0
   237 | D:1      | Reached skill level 4 in Axes
   273 | D:1      | Reached XP level 2. HP: 24/27 MP: 1/1
  1120 | D:2      | Reached XP level 3. HP: 32/33 MP: 2/2
  1224 | D:2      | Reached ** piety under Trog
  1370 | D:2      | Found a stormy altar of Qazlal.
  1563 | D:3      | Noticed an ogre
  1571 | D:3      | Killed an ogre
  1571 | D:3      | Reached skill level 5 in Axes
  1571 | D:3      | Reached XP level 4. HP: 7/41 MP: 3/3
  1571 | D:3      | Reached XP level 5. HP: 9/47 MP: 4/4
  2498 | D:4      | Reached skill level 6 in Axes
  2516 | D:4      | Found a sparkling altar of Nemelex Xobeh.
  2568 | D:4      | Found an iron altar of Okawaru.
  2583 | D:4      | Reached skill level 5 in Fighting
  2799 | D:4      | Reached XP level 6. HP: 49/56 MP: 5/5
  3076 | D:4      | Found a staircase to the Ecumenical Temple.
  3259 | Temple   | Entered the Ecumenical Temple
  3288 | D:5      | Entered Level 5 of the Dungeon
  3339 | D:5      | Noticed Grinder
  3385 | D:5      | Found a snail-covered altar of Cheibriados.
  3400 | D:5      | Killed Grinder
  3400 | D:5      | Reached skill level 7 in Axes
  3445 | D:5      | Found a glowing drain.
  3460 | Sewer    | Entered a sewer
  3468 | Sewer    | Reached *** piety under Trog
  3489 | Sewer    | Noticed Purgy
  3504 | Sewer    | Killed Purgy
  3504 | Sewer    | Reached skill level 5 in Armour
  3504 | Sewer    | Reached XP level 7. HP: 35/62 MP: 6/6
  3944 | D:5      | Reached skill level 8 in Axes
  4486 | D:6      | Found a sacrificial altar of Ru.
  4584 | D:6      | Reached XP level 8. HP: 44/71 MP: 7/7
  4952 | D:6      | Reached skill level 9 in Axes
  4985 | D:6      | Noticed NorthaanB's ghost (amateur BaSu)
  4990 | D:6      | Killed NorthaanB's ghost
  5659 | D:7      | Reached **** piety under Trog
  5901 | D:7      | Reached skill level 10 in Axes
  5907 | D:7      | Reached XP level 9. HP: 81/81 MP: 8/8
  6094 | D:7      | Reached skill level 11 in Axes
  6402 | D:7      | Found a glowing silver altar of Zin.
  6449 | D:8      | Found an iron altar of Okawaru.
  6449 | D:8      | Found a deep blue altar of Sif Muna.
  6479 | D:8      | Noticed a two-headed ogre
  6509 | D:8      | Killed a two-headed ogre
  6509 | D:8      | Reached skill level 12 in Axes
  6745 | D:8      | Found a shadowy altar of Dithmenos.
  6803 | D:8      | Noticed a two-headed ogre
  6809 | D:8      | Killed a two-headed ogre
  6809 | D:8      | Reached ***** piety under Trog
  6809 | D:8      | Reached XP level 10. HP: 91/91 MP: 9/9
  7046 | D:8      | Received a gift from Trog
  7313 | D:8      | Noticed a two-headed ogre
  7327 | D:8      | Killed a two-headed ogre
  7327 | D:8      | Reached skill level 13 in Axes
  7644 | D:8      | Found a hazy altar of Hepliaklqana.
  7658 | D:8      | Reached skill level 10 in Fighting
  7895 | D:9      | Found a shimmering altar of Xom.
  7896 | D:9      | Noticed a four-headed hydra
  7914 | D:9      | Killed an 11-headed hydra
  7917 | D:9      | Reached skill level 10 in Armour
  8313 | D:9      | Reached skill level 14 in Axes
  8913 | D:9      | Reached XP level 11. HP: 86/101 MP: 10/10
  9232 | D:10     | Entered Level 10 of the Dungeon
  9353 | D:10     | Found a staircase to the Lair.
 10119 | D:10     | Reached skill level 15 in Axes
 10505 | D:11     | Found a glowing golden altar of the Shining One.
 10511 | D:11     | Paralysed by a hornet for 1 turns
 10581 | D:11     | HP: 3/101 [something (8)]
 10582 | D:11     | Killed an unseen horror
 10999 | D:11     | Noticed a cyan ugly thing
 11010 | D:11     | Killed a cyan ugly thing
 11365 | D:11     | Reached skill level 1 in Shields
 11374 | D:11     | Noticed a six-headed hydra
 11379 | D:11     | Killed an 11-headed hydra
 11569 | D:11     | Noticed a two-headed ogre
 11580 | D:11     | Killed a two-headed ogre
 11613 | D:11     | Noticed a two-headed ogre
 11620 | D:11     | Killed a two-headed ogre
 11703 | D:11     | Reached ****** piety under Trog
 11945 | Lair:1   | Entered Level 1 of the Lair of Beasts
 11952 | Lair:1   | Reached XP level 12. HP: 111/111 MP: 11/11
 12591 | Lair:1   | Reached skill level 5 in Shields
 12781 | Lair:1   | Noticed Gastronok
 12815 | Lair:1   | Killed Gastronok
 13889 | Lair:2   | Received a gift from Trog
 13894 | Lair:2   | Reached skill level 16 in Axes
 13898 | Lair:2   | Got a steaming dagger {god gift}
 14949 | Lair:2   | Found a staircase to the Swamp.
 15209 | Lair:3   | Found a staircase to the Snake Pit.
 15210 | Lair:3   | Noticed a six-headed hydra
 15282 | Lair:3   | Killed a ten-headed hydra
 15522 | Lair:3   | Reached XP level 13. HP: 121/121 MP: 12/12
 16564 | Lair:4   | Found a frozen archway.
 16571 | IceCv    | Entered an ice cave
 16600 | IceCv    | Reached skill level 10 in Shields
 16683 | IceCv    | Received a gift from Trog
 17613 | IceCv    | Noticed a frost giant
 17629 | IceCv    | Killed a frost giant
 17851 | IceCv    | Got a pair of bloodstained boots
 17857 | IceCv    | Got a distressingly furry plate armour
 18054 | IceCv    | Identified the cursed +0 pair of boots of Sorcery {rElec rN+ rCorr Int-5} (You found it in an ice cave)
 18054 | IceCv    | Lost intelligence.
 18066 | IceCv    | Identified the +6 plate armour of Japson {rCorr} (You found it in an ice cave)
 18184 | IceCv    | Lost intelligence.
 18263 | Lair:4   | Received a gift from Trog
 18276 | Lair:4   | Reached skill level 17 in Axes
 19015 | D:12     | Found a staircase to the Orcish Mines.
 19236 | D:12     | Reached XP level 14. HP: 116/131 MP: 13/13
 20177 | Orc:1    | Entered Level 1 of the Orcish Mines
 20395 | Orc:1    | Noticed an orc warlord
 20397 | Orc:1    | Received a gift from Trog
 20419 | Orc:1    | Killed an orc warlord
 20448 | D:12     | Identified a scroll of acquirement
 20451 | D:12     | Got a fine silver ring
 20453 | D:12     | Identified the ring of Zeapykhle {AC+4 Str+2} (You acquired it on level 12 of the Dungeon)
 20947 | Orc:2    | Entered Level 2 of the Orcish Mines
 21106 | Orc:2    | Found a roughly hewn altar of Beogh.
 21106 | Orc:2    | Found Teahucw's Distillery.
 21200 | Orc:2    | Found a roughly hewn altar of Beogh.
 21359 | Orc:2    | Found a roughly hewn altar of Beogh.
 21411 | Orc:2    | Found a roughly hewn altar of Beogh.
 21421 | Orc:2    | Found Usintofur's Gadget Shop.
 21426 | Orc:2    | Received a gift from Trog
 21596 | Orc:2    | Noticed Josephine
 21608 | Orc:2    | Killed Josephine
 21652 | Orc:2    | Found a staircase to the Elven Halls.
 21659 | Orc:2    | Found a roughly hewn altar of Beogh.
 21724 | Orc:2    | Noticed Saint Roka
 21762 | Orc:2    | Slain by a sixfirhy

Skill      XL: |  1  2  3  4  5  6  7  8  9 10 11 12 13 14 |
---------------+-------------------------------------------+-----
Axes           | 4 5 6 7 8 10 12 14 15 16 17 | 17.5
Fighting       | 4 5 6 7 9 10 12 13 14 | 14.5
Armour         | 3 4 5 6 7 9 10 11 12 13 14 | 14.3
Shields        | 4 9 12 | 12.7
Dodging        | |  2.1

Action                   |  1- 3 |  4- 6 |  7- 9 | 10-12 | 13-15 || total
-------------------------+-------+-------+-------+-------+-------++-------
Melee: Hand axe          |    80 |    93 |   177 |       |       ||   350
       Headbutt          |    10 |    19 |    45 |   179 |   222 ||   475
       War axe           |       |       |    61 |   743 |   730 ||  1534
Invok: Berserk           |     1 |       |     6 |     8 |     9 ||    24
       Burn Spellbooks   |       |       |     1 |     2 |     2 ||     5
       Brothers in Arms  |       |       |       |       |     1 ||     1
  Use: Scroll            |       |     6 |     4 |     4 |    17 ||    31
 Stab: Sleeping          |     1 |       |       |       |       ||     1
  Eat: Chunk             |     2 |     6 |    13 |    24 |    20 ||    65
       Ration            |       |       |     1 |     4 |     3 ||     8
Armor: Animal skin       |    12 |    32 |       |       |       ||    44
       Chain mail        |       |       |   138 |       |       ||   138
       Plate armour      |       |       |       |   464 |   286 ||   750
Dodge: Dodged            |    56 |    52 |    89 |   170 |   106 ||   473
Block: Large shield      |       |       |       |   304 |   654 ||   958
